 Dungeon Crawl Stone Soup version 0.28.0-53-g5a82cb258f (webtiles) character file.

Game seed: 11375773692630228717

84021 Eitelfritz the Fencer (level 15, -1/143 HPs)
             Began as a Minotaur Gladiator on Aug 6, 2022.
             Was the Champion of Okawaru.
             Slain by an orc warrior
             ... wielding a +0 glaive of distortion
             ... led by an orc warlord
              (32 damage)
             ... on level 2 of the Orcish Mines.
             The game lasted 01:07:17 (21685 turns).

Eitelfritz the Fencer (Minotaur Gladiator)         Turns: 21685, Time: 01:07:17

Health: -1/143     AC: 36    Str: 22    XL:     15   Next: 34%
Magic:  19/25      EV: 11    Int: 16    God:    Okawaru [******]
Gold:   602        SH:  0    Dex:  9    Spells: 14/14 levels left

rFire   + . .      SeeInvis +   a - +7 great sword of Reason {holy, rF+ Int+4 Dex-5}
rCold   . . .      Faith    .   (shield currently unavailable)
rNeg    + . .      Spirit   .   M - +5 plate armour "Pojihiad" {rN+ rCorr Int+5}
rPois   .          Reflect  .   W - +1 hat "Vominoy" {Will+ MP+9}
rElec   .          Harm     .   q - +2 cloak
rCorr   +          Rampage  .   V - +2 pair of gloves
Will    ++...                   r - +2 pair of boots
Stlth   ..........              n - amulet of regeneration
HPRegen 1.13/turn               s - ring of flight
MPRegen 0.19/turn               Y - ring of see invisible

@: heroic, finesse-ful, flying
A: horns 2, retaliatory headbutt
a: Renounce Religion, Heroism, Finesse, Duel


You were on level 2 of the Orcish Mines.
You worshipped Okawaru.
Okawaru was exalted by your worship.
You visited 4 branches of the dungeon, and saw 23 of its levels.
You also visited: Sewer and Ossuary.

You collected 1675 gold pieces.
You spent 1073 gold pieces at shops.

Inventory:

Hand Weapons
 a - the +7 great sword of Reason (weapon) {holy, rF+ Int+4 Dex-5}
   (You acquired it on level 10 of the Dungeon)

   It has been blessed by the Shining One to cause great damage to the undead
   and demons.
   Int:       It affects your intelligence (+4).
   Dex:       It affects your dexterity (-5).
   rF:        It protects you from fire.
 b - a +5 vorpal longbow
 c - a +4 scimitar of flaming
Missiles
 d - 3 throwing nets (quivered)
 e - 7 javelins
 u - 542 arrows
Armour
 q - a +2 cloak (worn)
 r - a +2 pair of boots (worn)
 M - the +5 plate armour "Pojihiad" (worn) {rN+ rCorr Int+5}
   (Okawaru gifted it to you on level 11 of the Dungeon)

   Int:       It affects your intelligence (+5).
   rN:        It protects you from negative energy.
   rCorr:     It protects you from acid and corrosion.
 V - a +2 pair of gloves (worn)
 W - the +1 hat "Vominoy" (worn) {Will+ MP+9}
   (Okawaru gifted it to you on level 10 of the Dungeon)

   MP:        It affects your magic capacity (+9).
   Will:      It increases your willpower.
Jewellery
 h - a +6 ring of dexterity
 k - a +6 ring of dexterity
 n - an amulet of regeneration (around neck)
 s - a ring of flight (left hand)
 J - the amulet of the Four Winds {rN+ Will+++ Clar}
   (You found it on level 11 of the Dungeon)

   [amulet of nothing]

   rN:        It protects you from negative energy.
   Clar:      It protects you against confusion.
   Will:      It greatly increases your willpower.
 K - an amulet of the acrobat
 N - an amulet of faith
 O - a ring of protection from fire
 R - an amulet of reflection
 Y - a ring of see invisible (right hand)
Wands
 f - a wand of digging (7)
 g - a wand of paralysis (19)
 F - a wand of iceblast (11)
 T - a wand of acid (16)
 Z - a wand of mindburst (16)
Scrolls
 w - 4 scrolls of fog
 x - 2 scrolls of magic mapping
 y - 5 scrolls of teleportation
 z - a scroll of torment
 A - 7 scrolls of fear
 C - a scroll of silence
 G - 3 scrolls of amnesia
 I - 3 scrolls of vulnerability
 L - a scroll of enchant armour
 S - a scroll of blinking
Potions
 j - 5 potions of mutation
 m - 6 potions of heal wounds
 o - 9 potions of ambrosia
 p - 2 potions of lignification
 t - a potion of cancellation
 B - 6 potions of invisibility
 D - 7 potions of curing
 E - 4 potions of haste
 H - a potion of resistance
 P - a potion of magic
 Q - a potion of berserk rage
 U - 3 potions of might


   Skills:
 + Level 15.9(20.9) Fighting
 + Level 20.7(25.7) Long Blades
 + Level 9.8(14.8) Bows
 + Level 2.4(7.4) Throwing
 + Level 13.7(18.7) Armour
 + Level 8.6(13.6) Dodging
 + Level 3.0(8.0) Stealth
 + Level 3.6 Invocations


You had 14 spell levels left.
You didn't know any spells.
Your spell library contained the following spells:

 Spells                   Type           Power      Damage    Failure   Level
 Apportation              Tloc           0%         N/A       87%         1
 Freeze                   Ice            0%         1d3       87%         1
 Shock                    Conj/Air       0%         1d3       87%         1
 Slow                     Hex            0%         N/A       87%         1
 Sting                    Tmut/Pois      0%         1d3       87%         1
 Ensorcelled Hibernation  Hex/Ice        0%         N/A       95%         2
 Passwall                 Tmut/Erth      0%         N/A       95%         2
 Poisonous Vapours        Pois/Air       0%         N/A       95%         2
 Sublimation of Blood     Necr           0%         N/A       95%         2
 Wereblood                Tmut           0%         N/A       95%         2
 Confusing Touch          Hex            0%         N/A       99%         3
 Frozen Ramparts          Ice            0%         1d2       99%         3
 Spider Form              Tmut/Pois      0%         N/A       99%         3
 Stone Arrow              Conj/Erth      0%         3d7       99%         3
 Swiftness                Air            0%         N/A       99%         3
 Vampiric Draining        Necr           0%         2d6       99%         3
 Airstrike                Air            0%         N/A       100%        4
 Anguish                  Hex/Necr       0%         N/A       100%        4
 Hailstorm                Conj/Ice       0%         3d3       100%        4
 Ice Form                 Ice/Tmut       0%         N/A       100%        4
 Olgreb's Toxic Radiance  Pois           0%         N/A       100%        4
 Lightning Bolt           Conj/Air       0%         1d11      100%        5
 Eringya's Noxious Bog    Tmut/Pois      0%         N/A       100%        6
 Iron Shot                Conj/Erth      0%         9d1       100%        6
 Starburst                Conj/Fire      0%         6d3       100%        6
 Disjunction              Tloc           0%         N/A       100%        8
 Lehudib's Crystal Spear  Conj/Erth      0%         10d2      100%        8
 Animate Skeleton         Necr           Unusable   N/A       N/A         1
 Summon Small Mammal      Summ           Unusable   N/A       N/A         1
 Animate Armour           Summ/Erth      Unusable   N/A       N/A         4
 Summon Ice Beast         Ice/Summ       Unusable   N/A       N/A         4
 Summon Lightning Spire   Summ/Air       Unusable   N/A       N/A         4
 Summon Forest            Summ/Tloc      Unusable   N/A       N/A         5
 Summon Hydra             Summ           Unusable   N/A       N/A         7

Dungeon Overview and Level Annotations

Branches:
Dungeon (15/15)            Temple (1/1) D:5            Lair (5/6) D:10
 Shoals (0/4) Lair:4        Snake (0/4) Lair:4          Orc (2/2) D:9
 Vaults (0/5) D:14         Depths (0/4) D:15          Sewer (visited)
Ossuary (visited)
  Slime: Lair:5-6       Elf: Orc:2

Altars:
Ashenzari
Cheibriados
Dithmenos
Elyvilon
Fedhas
Gozag
Hepliaklqana
Kikubaaqudgha
Makhleb
Nemelex Xobeh
Okawaru
Qazlal
Ru
Sif Muna
Trog
Uskayaw
Vehumet
Wu Jian
Xom
Yredelemnul
Zin
The Shining One
Beogh
Jiyva

Shops:
D:7 ?   D:10 !

Portals:
Gauntlet: Orc:2

Annotations:
D:15 3 runed translucent doors, Kuralita's ghost, journeyman OpTm


Innate Abilities, Weirdness & Mutations

You have a pair of horns on your head.
You reflexively headbutt those who attack you in melee.


Message History

The orc priest calls down the wrath of Beogh upon you.
Beogh smites you!
An orc warrior comes into view. It is wielding a +0 trident.
You hear a shout!
You slice the orc warrior!!
You kill the orc warrior!
Okawaru accepts your kill.
You barely miss the orc. Your headbutt misses the orc.
The orc warlord roars a battlecry!
The orc warrior goes into a battle-frenzy!
You slash the orc!
You kill the orc!
The orc priest invokes the aid of Beogh against you.
You resist with almost no effort.
The orc warrior hits you with a +0 scimitar!
The orc warrior hits you from afar with a +0 glaive of distortion.
Items here: )) [[ ††.
You hit the orc warrior. Your headbutt misses the orc warrior.
The orc warrior is lightly wounded.
The orc warrior hits you with a +0 scimitar!!
You slice the orc warlord!! You headbutt the orc warlord!
The orc warlord is moderately wounded.
The orc no longer looks unusually strong.
The orc closely misses you. You furiously retaliate!
You headbutt the orc.
The orc warlord hits you with a +2 great mace!!
The orc priest calls upon Beogh to heal the orc warlord.
The orc warlord is healed somewhat.
The orc warrior hits you from afar with a +0 glaive of distortion.
Space warps horribly around you!
* * * LOW HITPOINT WARNING * * *
Aiming: Duel (67% risk of failure)
Press: ? - help, Dir - move target, f - orc warlord
Aim: an orc warlord, wielding a +2 great mace and wearing a +0 chain mail (moderately wounded)
You fail to use your ability.
The orc no longer looks unusually strong.
The orc warrior barely misses you.
The orc warlord roars a battlecry!
The orcs go into a battle-frenzy!
The orc warrior hits you from afar with a +0 glaive of distortion!!
You die...

... #. ...##.
#..##.. ......
#...#. ......
#......#.....##
#.....#.......#
#..........#.##
##.........#....
##...$#oo........
........#o@o.......
.......o.oooo.......
.........ooo...$....
......$.Oooo........
.........∩..........
.................###
.....o..........##
...............##
..§....<.......#


You could see an orc warlord, 6 orc warriors, an ogre, an orc priest (strong)
and 8 orcs.

Vanquished Creatures
  A very ugly thing (D:15)
  Josephine (D:15)
  A great orb of eyes (D:15)
  7 hydras
  2 rakshasas (D:15)
  A vault guard (D:14)
  3 boulder beetles
  9 centaur warriors
  A two-headed ogre (shapeshifter) (D:15)
  5 two-headed ogres
  A catoblepas (D:15)
  10 death yaks (Lair:5)
  A tengu warrior (D:14)
  An orc high priest (Orc:1)
  6 skeletal warriors
  A deep elf pyromancer (D:14)
  A necromancer (D:11)
  12 ugly things
  8 cyclopes
  3 merfolk sirens (Lair:4)
  2 manticores
  Joseph (D:7)
  3 black mambas (Lair:5)
  6 elephants (Lair:5)
  4 unseen horrors
  8 cane toads
  A torpor snail (Lair:3)
  A gargoyle (D:13)
  Maggie (D:7)
  4 kobold demonologists
  7 komodo dragons
  A yaktaur (D:15)
  2 rime drakes
  2 efreet
  A merfolk (Lair:4)
  6 trolls
  A queen bee (D:11)
  A polar bear (Lair:4)
  10 blink frogs
  Grinder (D:5)
  3 hornets
  Prince Ribbit (D:9)
  11 slime creatures
  A culicivora (shapeshifter) (D:15)
  A spriggan (shapeshifter) (D:13)
  A spriggan (D:8)
  Eustachio (D:5)
  4 wyverns
  6 wraiths
  A shadow (D:10)
  5 water elementals
  3 basilisks
  54 yaks
  4 vampire mosquitoes
  Menkaure (D:7)
  2 wargs (D:9)
  Edmund (D:6)
  2 nagas (Lair:4)
  An acid dragon (D:10)
  8 water moccasins
  A sky beast (D:8)
  18 orc warriors
  A hornet zombie (D:6)
  2 black bears
  12 necrophages
  An ogre (shapeshifter) (D:14)
  2 ogres (Orc:1)
  17 wolves
  A boggart (D:14)
  13 centaurs
  A phantom (D:4)
  A kobold brigand (D:11)
  15 bullfrogs
  A scorpion (D:7)
  2 gnoll sergeants
  33 killer bees
  6 howler monkeys
  2 wights (D:10)
  21 electric eels
  6 centaur zombies
  2 bullfrog zombies
  3 hounds
  A human zombie (Ossuary)
  12 orc priests
  Crazy Yiuf (D:7)
  2 centaur skeletons (D:7)
  2 jellies
  A scorpion zombie (D:5)
  3 iguanas
  20 orc wizards
  3 polar bear simulacra (D:11)
  5 yak simulacra (D:11)
  2 mummies (Ossuary)
  A howler monkey zombie (D:10)
  7 gnolls
  8 adders
  7 river rats (Sewer)
  A white imp (D:6)
  An adder zombie (Ossuary)
  3 worms
  2 dart slugs
  34 orcs
  10 ball pythons
  5 bats
  11 endoplasms
  3 giant cockroaches
  5 goblins
  7 hobgoblins
  A jackal (D:2)
  30 kobolds
  4 quokkas
  4 frilled lizards
  2 goblin zombies (Ossuary)
  11 hobgoblin zombies (Ossuary)
  3 jackal zombies (Ossuary)
  8 kobold zombies (Ossuary)
  8 orc zombies (Ossuary)
  26 rats
  3 rat zombies (Ossuary)
  3 river rat simulacra (D:11)
  A bush (Lair:2)
  A butterfly (Lair:2)
672 creatures vanquished.

Vanquished Creatures (others)
  13 fungi
  27 plants
40 creatures vanquished.

Grand Total: 712 creatures vanquished

Notes
Turn   | Place    | Note
-------+----------+-------------------------------------------
     0 | D:1      | Eitelfritz the Minotaur Gladiator began the quest for the
                  | Orb.
     0 | D:1      | Reached XP level 1. HP: 18/18 MP: 0/0
   311 | D:1      | Reached XP level 2. HP: 25/25 MP: 1/1
   745 | D:1      | Found a faded altar of an unknown god.
   752 | D:1      | Reached skill level 4 in Long Blades
   923 | D:2      | Reached XP level 3. HP: 7/30 MP: 2/2
  1339 | D:2      | Identified the +5 ring mail of Indemnity {Regen+ Str+4
                  | Int+4}
  2126 | D:3      | Reached XP level 4. HP: 38/38 MP: 3/3
  2163 | D:3      | Reached skill level 1 in Armour
  2180 | D:3      | Reached skill level 5 in Long Blades
  2685 | D:4      | Noticed a necrophage
  2689 | D:4      | Killed a necrophage
  2690 | D:4      | Reached XP level 5. HP: 45/45 MP: 4/4
  2833 | D:4      | Reached skill level 6 in Long Blades
  2873 | D:4      | Noticed a phantom
  2885 | D:4      | Killed a phantom
  2886 | D:4      | Reached XP level 6. HP: 49/51 MP: 5/5
  3104 | D:4      | Found a burning altar of Makhleb.
  3106 | D:4      | Noticed a green death
  3243 | D:5      | Entered Level 5 of the Dungeon
  3246 | D:5      | Noticed Grinder
  3253 | D:5      | Paralysed by Grinder for 6 turns
  3260 | D:5      | Killed Grinder
  3261 | D:5      | Reached skill level 7 in Long Blades
  3335 | D:5      | Reached XP level 7. HP: 47/58 MP: 6/6
  3352 | D:5      | Reached skill level 1 in Stealth
  3382 | D:5      | You are sucked into a shaft and drop 3 floors!
  3447 | D:7      | Reached skill level 5 in Dodging
  3447 | D:7      | Found Ukhoh's Magic Scroll Boutique.
  3453 | D:7      | Noticed Menkaure
  3458 | D:7      | Killed Menkaure
  3459 | D:7      | Reached skill level 8 in Long Blades
  3463 | D:7      | Bought a scroll of fog for 30 gold pieces
  3463 | D:7      | Bought a scroll of magic mapping for 52 gold pieces
  3463 | D:7      | Bought a scroll of teleportation for 45 gold pieces
  3463 | D:7      | Bought a scroll of identify for 30 gold pieces
  3463 | D:7      | Bought a scroll of fear for 52 gold pieces
  3472 | D:7      | Found a sand-covered staircase.
  3477 | Ossuary  | Entered an ossuary
  3691 | Ossuary  | Reached skill level 1 in Bows
  3872 | D:7      | Found a runed translucent door.
  3873 | D:7      | Noticed Crazy Yiuf
  4087 | D:7      | Reached XP level 8. HP: 67/67 MP: 7/7
  4110 | D:7      | Reached skill level 5 in Fighting
  4300 | D:6      | Found a glowing drain.
  4335 | Sewer    | Entered a sewer
  4756 | D:6      | Reached skill level 9 in Long Blades
  4756 | D:6      | Reached skill level 5 in Armour
  4789 | D:6      | Noticed Eustachio
  4804 | D:6      | Noticed a two-headed ogre
  4986 | D:5      | Found a staircase to the Ecumenical Temple.
  5487 | Temple   | Entered the Ecumenical Temple
  5530 | Temple   | Became a worshipper of Warmaster Okawaru
  6393 | D:6      | Noticed Edmund
  6403 | D:6      | Killed Edmund
  6769 | D:5      | Killed Eustachio
  6769 | D:5      | Reached * piety under Okawaru
  6800 | D:5      | Killed a two-headed ogre
  6800 | D:5      | Reached ** piety under Okawaru
  6801 | D:5      | Reached XP level 9. HP: 54/75 MP: 8/8
  6948 | D:7      | Noticed Maggie
  6955 | D:7      | Killed Maggie
  6956 | D:7      | Reached skill level 5 in Bows
  6960 | D:7      | Reached skill level 10 in Long Blades
  7140 | D:7      | Noticed Joseph
  7147 | D:7      | Killed Joseph
  7366 | D:7      | Killed Crazy Yiuf
  7473 | D:8      | Reached *** piety under Okawaru
  7474 | D:8      | Reached skill level 11 in Long Blades
  7474 | D:8      | Reached XP level 10. HP: 73/84 MP: 9/9
  7805 | D:8      | Reached **** piety under Okawaru
  8337 | D:8      | Reached skill level 12 in Long Blades
  8678 | D:9      | Reached ***** piety under Okawaru
  8827 | D:9      | Noticed Prince Ribbit
  8851 | D:9      | Killed Prince Ribbit
  8980 | D:9      | Found a staircase to the Orcish Mines.
  9113 | D:9      | Reached XP level 11. HP: 80/97 MP: 10/10
  9293 | D:10     | Entered Level 10 of the Dungeon
  9348 | D:10     | Found Qoesketej's Distillery.
  9358 | D:10     | Bought a potion of curing for 36 gold pieces
  9358 | D:10     | Bought a potion of might for 48 gold pieces
  9390 | D:10     | Identified the +1 hat "Vominoy" {Will+ MP+9} (Okawaru
                  | gifted it to you on level 10 of the Dungeon)
  9390 | D:10     | Received a gift from Okawaru
  9391 | D:10     | Reached skill level 13 in Long Blades
  9633 | D:10     | Reached skill level 1 in Invocations
  9760 | D:10     | Paralysed by a hornet for 3 turns
  9946 | D:10     | Noticed a two-headed ogre
  9953 | D:10     | Killed a two-headed ogre
  9960 | D:10     | Reached skill level 10 in Fighting
  9960 | D:10     | Reached skill level 14 in Long Blades
 10028 | D:10     | Identified 2 scrolls of acquirement
 10028 | D:10     | Acquired a +2 vorpal longbow
 10036 | D:10     | Acquired the +7 great sword of Reason {holy, rF+ Int+4
                  | Dex-5}
 10130 | D:10     | Found a staircase to the Lair.
 10701 | D:11     | Identified the +5 plate armour "Pojihiad" {rN+ rCorr Int+5}
                  | (Okawaru gifted it to you on level 11 of the Dungeon)
 10701 | D:11     | Received a gift from Okawaru
 10753 | D:11     | Reached XP level 12. HP: 107/107 MP: 12/12
 10970 | D:11     | Noticed an eight-headed hydra
 10986 | D:11     | Killed an 11-headed hydra
 11117 | D:11     | Found the amulet of the Four Winds {rN+ Will+++ Clar}
 11292 | D:11     | Reached skill level 15 in Long Blades
 11833 | D:12     | Noticed a boulder beetle
 11836 | D:12     | Noticed a two-headed ogre
 11844 | D:12     | Killed a two-headed ogre
 11851 | D:12     | Killed a boulder beetle
 11856 | D:12     | Identified the +1 robe of the Unbroken {Harm}
 12200 | D:12     | Reached skill level 16 in Long Blades
 12396 | D:12     | Noticed an eight-headed hydra
 12405 | D:12     | Killed a 12-headed hydra
 12405 | D:12     | Received a gift from Okawaru
 12698 | D:13     | Reached skill level 10 in Armour
 12727 | D:13     | Noticed a two-headed ogre
 12752 | D:13     | Killed a two-headed ogre
 12772 | D:13     | Noticed a two-headed ogre
 12772 | D:13     | Noticed a centaur warrior
 12780 | D:13     | Killed a two-headed ogre
 12790 | D:13     | Killed a centaur warrior
 12818 | D:13     | Reached XP level 13. HP: 110/118 MP: 13/13
 13232 | D:13     | Reached skill level 17 in Long Blades
 13673 | D:14     | Received a gift from Okawaru
 13903 | D:14     | Identified the +7 dagger of the Howling Augurer {vamp, rC-
                  | Str+9 Stlth+}
 13947 | D:14     | Received a gift from Okawaru
 14241 | D:14     | Identified the +4 crystal plate armour of Lilacs {Rampage
                  | Str-4 SInv} (Okawaru gifted it to you on level 14 of the
                  | Dungeon)
 14241 | D:14     | Received a gift from Okawaru
 14317 | D:14     | Reached ****** piety under Okawaru
 14554 | D:14     | Reached skill level 18 in Long Blades
 14677 | D:14     | Found a gate to the Vaults.
 14865 | D:15     | Entered Level 15 of the Dungeon
 15445 | D:15     | Received a gift from Okawaru
 15590 | D:14     | Reached XP level 14. HP: 116/129 MP: 15/15
 16119 | D:15     | Noticed a purple very ugly thing
 16137 | D:15     | Killed a cyan very ugly thing
 16137 | D:15     | Received a gift from Okawaru
 16138 | D:15     | Reached skill level 19 in Long Blades
 16147 | D:15     | Found a staircase to the Depths.
 16259 | D:15     | Received a gift from Okawaru
 16545 | D:15     | Found a runed translucent gate.
 16545 | D:15     | Found a runed translucent gate.
 16547 | D:15     | Found a runed translucent gate.
 16547 | D:15     | Noticed an azure jelly
 16547 | D:15     | Noticed a rockslime
 16552 | D:15     | Noticed Josephine
 16560 | D:15     | Killed Josephine
 16637 | D:15     | Found a viscous altar of Jiyva.
 16637 | D:15     | Noticed Kuralita's ghost (journeyman OpTm)
 16637 | D:15     | Found the +8 frozen axe "Frostbite" {freezing cloud, *Noise
                  | Fly rC+}
 16801 | Lair:1   | Entered Level 1 of the Lair of Beasts
 17510 | Lair:2   | Received a gift from Okawaru
 17586 | Lair:2   | You are sucked into a shaft and drop 2 floors!
 18142 | Lair:3   | Reached skill level 20 in Long Blades
 18545 | Lair:3   | Got the Guide on Attacks and the Compass
 19249 | Lair:4   | Found a staircase to the Snake Pit.
 19531 | Lair:4   | Found a staircase to the Shoals.
 19966 | Lair:5   | Received a gift from Okawaru
 20032 | Lair:5   | Reached skill level 15 in Fighting
 20061 | Lair:5   | Reached XP level 15. HP: 115/141 MP: 16/16
 20201 | Lair:5   | Identified the +2 hat of Nedicry {MP+9 Str+3 Slay+2}
                  | (Okawaru gifted it to you on level 5 of the Lair of Beasts)
 20201 | Lair:5   | Received a gift from Okawaru
 21075 | D:7      | Bought a scroll of acquirement for 780 gold pieces
 21079 | D:7      | Acquired a +5 vorpal longbow
 21145 | Orc:1    | Entered Level 1 of the Orcish Mines
 21665 | Orc:2    | Entered Level 2 of the Orcish Mines
 21665 | Orc:2    | Noticed an orc warlord
 21665 | Orc:2    | Found a gate leading to a gauntlet.
 21685 | Orc:2    | Slain by an orc warrior

Illustrated notes

Levels and vault maps discovered:
D:1:      minmay_arrival_arboretum_small, layout_basic,
          hellmonk_ecumenical_altar_lost_god
D:2:      layout_basic, serial_bayou, serial_bayou_shore_a, serial_bayou_pond_a,
          serial_bayou_pond_a, serial_bayou_lagoon_b, serial_bayou_pond_e,
          minmay_pentomino_pile
D:3:      layout_basic
D:4:      nicolae_cairo_tiling, layout_basic, makhleb_altar_promises_db
D:5:      layout_gridville, minmay_temple_entry_arrows, wad_floor_pattern_2,
          minmay_strange_pillars, kennysheep_generic_room_6, uniq_grinder
D:6:      layout_loops_corners, portal_sewer_entry_a, kennysheep_flooded_box,
          uniq_eustachio, uniq_edmund
D:7:      layout_loops_ring, serial_shops, shop,
          nicolae_ossuary_entry_false_entrances, nicolae_water_bricks,
          uniq_maggie, uniq_menkaure, uniq_joseph, uniq_crazy_yiuf_cottage
D:8:      layout_basic, the_hattery
D:9:      layout_cave_pools, erik_orc_3, serial_bayou_lake_a,
          uniq_prince_ribbit1
D:10:     layout_roguey, lair_entry_dummy, serial_undead, serial_undead_a,
          serial_undead_a, serial_undead_f, serial_undead_c, serial_shops,
          nicolae_shop_trees
D:11:     layout_basic, special_room [special_room_bee], eino_house_with_fridge
D:12:     layout_cave_pods
D:13:     layout_roguey
D:14:     layout_cave_pods, david_vaults_5, minmay_misc_feat_diagonals
D:15:     gammafunk_enter_depths_forms, layout_basic, gammafunk_ghost_ooze,
          uniq_josephine
Temple:   nicolae_temple_the_god_donut
Lair:1:   layout_misc_corridors, infiniplex_staircase_pool_2
Lair:2:   layout_misc_corridors, nicolae_quartered_pool_little,
          minmay_hedge_maze, roderic_carrion_pond, grunt_megastairs_2,
          lemuel_fruit_tree, lemuel_fruit_fields, infiniplex_staircase_pool
Lair:3:   cheibrodos_lair_river_kwai, layout_regular_city, grunt_megastairs_1
Lair:4:   layout_regular_city, elwin_shoals_entry_stream,
          guppyfry_snake_entry_island
Lair:5:   layout_regular_city, serial_bayou, serial_bayou_pond_e,
          serial_bayou_pond_a, serial_bayou_pond_c, serial_bayou_pond_b
Orc:1:    nicolae_orc_accident_1, layout_diamond_mine, basic_altar
Orc:2:    grunt_orc_community_town_hall, layout_caves,
          grunt_orc_community_big_house_1, grunt_orc_community_big_house_1,
          grunt_orc_community_house_3, grunt_orc_community_house_1,
          grunt_orc_community_house_2, grunt_orc_community_house_3,
          grunt_orc_community_house_1, gauntlet_entry_generic, basic_altar,
          uniq_rupert, uniq_sonja, uniq_saint_roka

Skill      XL: |  1  2  3  4  5  6  7  8  9 10 11 12 13 14 |
---------------+-------------------------------------------+-----
Long Blades    | 4 5 6 7 8 9 11 12 14 16 18 20 | 20.7
Fighting       | 3 4 6 9 10 12 13 15 | 15.9
Dodging        | 4 5 6 7 8 |  8.6
Armour         | 2 3 4 6 7 8 9 10 11 13 | 13.7
Stealth        | 1 2 3 |  3.0
Bows           | 1 4 5 7 8 9 |  9.8
Invocations    | 1 2 3 |  3.6
Throwing       | |  2.4

Action                   |  1- 3 |  4- 6 |  7- 9 | 10-12 | 13-15 || total
-------------------------+-------+-------+-------+-------+-------++-------
Melee: Long sword        |    83 |    53 |   295 |   380 |       ||   811
       Headbutt          |     8 |     9 |    62 |   129 |   195 ||   403
       Punch             |     2 |       |     4 |     4 |     1 ||    11
       Great sword       |       |       |       |   242 |   848 ||  1090
       Scimitar          |       |       |       |       |    16 ||    16
 Fire: Shortbow          |       |       |    91 |    36 |       ||   127
       Longbow           |       |       |       |    74 |    37 ||   111
Throw: Dart              |       |       |     1 |       |       ||     1
       Throwing net      |       |       |     1 |       |       ||     1
Invok: Heroism           |       |       |     1 |     4 |    11 ||    16
       Finesse           |       |       |       |     3 |     3 ||     6
  Use: Scroll            |       |     9 |     1 |    15 |     8 ||    33
Armor: Leather armour    |    13 |       |       |       |       ||    13
       Ring mail         |    15 |    19 |   146 |   337 |       ||   517
       Plate armour      |       |       |       |   116 |   821 ||   937
Dodge: Dodged            |    60 |    48 |   221 |   389 |   462 ||  1180
